 Dungeon Sprint DCSS version 0.26-a0-690-gcb57259078 (webtiles) character file.

Game seed: 8236025964286131650

465 mhtbhm the Fighter (level 7, -1/64 HPs)
             Began as a Barachi Fighter on Oct 24, 2020.
             Was a Follower of Trog.
             Shot with an arrow by a centaur (13 damage)
             ... in the Dungeon (Sprint IX: "|||||||||||||||||||||||||||||").
             The game lasted 00:00:45 (270 turns).

mhtbhm the Fighter (Barachi Fighter)                 Turns: 270, Time: 00:00:46

Health: -1/64      AC: 22    Str: 23    XL:     7   Next: 8%
Magic:  7/7        EV:  8    Int: 15    God:    Trog [*.....]
Gold:   0          SH: 11    Dex: 11    Spells: 6/6 levels left

rFire    . . .     SeeInvis .   a - +2 scimitar "Cizis Kete" {protect, Int+7}
rCold    . . .     Faith    .   c - +0 kite shield
rNeg     . . .     Spirit   .   b - +1 chain mail
rPois    .         Reflect  .   (no helmet)
rElec    .         Harm     .   m - +0 cloak
rCorr    .         Rampage  .   (no gloves)
MR       .....     NoTele   +   (no boots)
Stlth    ..........             (no amulet)
HPRegen  0.20/turn              n - +3 ring of strength
MPRegen  0.10/turn              o - +2 ring of protection

@: protection aura, slow
A: +LOS, swims, slowness 1, strong legs 1
a: Hop, Berserk, Renounce Religion


You were in the Dungeon.
You worshipped Trog.
Trog was aware of your devotion.
You visited 1 branch

Inventory:

Hand Weapons
 a - the +2 scimitar "Cizis Kete" (weapon) {protect, Int+7}
   (You found it in the Dungeon)

   It grants its wielder temporary protection when it strikes (+7 to AC).
   It affects your intelligence (+7).
Armour
 b - a +1 chain mail (worn)
 c - a +0 kite shield (worn)
 m - a +0 cloak (worn)
Jewellery
 n - a +3 ring of strength (left hand)
 o - a +2 ring of protection (right hand)
Wands
 l - a wand of acid (10)
Scrolls
 j - 2 scrolls of blinking
 k - 3 scrolls of remove curse
Potions
 d - a potion of might
 e - 4 potions of curing
 f - 3 potions of heal wounds
 g - a potion of haste
 h - 4 potions of magic
 i - a potion of invisibility


   Skills:
 + Level 9.6 Fighting
 + Level 8.3 Long Blades
 + Level 9.4 Armour
 + Level 2.0 Dodging
 + Level 9.0 Shields


You had 6 spell levels left.
You didn't know any spells.
Your spell library was empty.

Dungeon Overview and Level Annotations

Branches:
Dungeon (1/1)

Altars:
Cheibriados
Dithmenos
Elyvilon
Fedhas
Gozag
Hepliaklqana
Kikubaaqudgha
Makhleb
Nemelex Xobeh
Okawaru
Qazlal
Ru
Sif Muna
Trog
Uskayaw
Vehumet
Wu Jian
Xom
Yredelemnul
Zin
The Shining One
Beogh
Jiyva
Lugonu


Innate Abilities, Weirdness & Mutations

You can be seen from farther away. (+LOS)
You can swim through water.
You cover ground slowly.
You can hop short distances.


Message History

The komodo dragon bites you!
Unknown command.
You feel better.
The komodo dragon bites you but does no damage.
You slash the komodo dragon!
The komodo dragon is severely wounded.
The komodo dragon bites you!
* * * LOW HITPOINT WARNING * * *
You slash the komodo dragon!
You kill the komodo dragon!
Trog accepts your kill.
Your Fighting skill increases to level 9!
Your Long Blades skill gained 2 levels and is now at level 8!
Your Armour skill increases to level 9!
Your Dodging skill increases to level 2!
Your Shields skill gained 2 levels and is now at level 9!
You have reached level 7!
The centaur wields a +0 shortbow.
The centaur shoots an arrow.
The arrow hits you!
You die...

▓.▓
▓?▓
▓)▓
▓.▓
▓[▓
▓[▓
▓.▓
▓.▓
▓@▓
▓)▓
▓c▓
▓W▓
▓.▓
▓.▓
▓.▓
▓.▓
▓+▓


You could see a wraith and a centaur.

Vanquished Creatures
  A komodo dragon (D)
  A water moccasin (D)
  An ogre (D)
  An orc wizard (D)
  A shadow imp (D)
  A leopard gecko (D)
  An orc (D)
  A giant cockroach (D)
  A jackal (D)
  A ball python (D)
  2 bats (D)
  A frilled lizard (D)
  A rat (D)
14 creatures vanquished.

Notes
Turn   | Place    | Note
-------+----------+-------------------------------------------
     0 | D        | mhtbhm the Barachi Fighter began the quest for the Orb.
     0 | D        | Reached XP level 1. HP: 18/18 MP: 1/1
   121 | D        | Noticed an orc wizard
   124 | D        | Reached XP level 2. HP: 26/26 MP: 2/2
   135 | D        | Reached skill level 5 in Fighting
   135 | D        | Reached skill level 5 in Armour
   135 | D        | Reached skill level 5 in Shields
   135 | D        | Reached XP level 3. HP: 34/34 MP: 3/3
   181 | D        | Found a roughly hewn altar of Beogh.
   181 | D        | Found a snail-covered altar of Cheibriados.
   181 | D        | Found a shadowy altar of Dithmenos.
   181 | D        | Found a white marble altar of Elyvilon.
   181 | D        | Found a blossoming altar of Fedhas.
   181 | D        | Found an opulent altar of Gozag.
   181 | D        | Found a hazy altar of Hepliaklqana.
   182 | D        | Found a viscous altar of Jiyva.
   183 | D        | Found an ancient bone altar of Kikubaaqudgha.
   184 | D        | Found a corrupted altar of Lugonu.
   185 | D        | Found a burning altar of Makhleb.
   186 | D        | Found a sparkling altar of Nemelex Xobeh.
   187 | D        | Found an iron altar of Okawaru.
   188 | D        | Found a stormy altar of Qazlal.
   189 | D        | Found a sacrificial altar of Ru.
   190 | D        | Found a shimmering blue altar of Sif Muna.
   191 | D        | Found a bloodstained altar of Trog.
   192 | D        | Found a hide-covered altar of Uskayaw.
   193 | D        | Found a radiant altar of Vehumet.
   194 | D        | Found an ornate altar of the Wu Jian Council.
   195 | D        | Found a shimmering altar of Xom.
   196 | D        | Found a basalt altar of Yredelemnul.
   199 | D        | Found a glowing silver altar of Zin.
   200 | D        | Found a glowing golden altar of the Shining One.
   202 | D        | Became a worshipper of Trog the Wrathful
   221 | D        | Got the +2 scimitar "Cizis Kete" {protect, Int+7}
   251 | D        | Noticed an ogre
   251 | D        | Noticed a water moccasin
   251 | D        | Noticed a komodo dragon
   251 | D        | Noticed a centaur
   251 | D        | Noticed a wraith
   256 | D        | Killed an ogre
   256 | D        | Reached skill level 5 in Long Blades
   256 | D        | Reached skill level 1 in Dodging
   256 | D        | Reached XP level 4. HP: 40/43 MP: 4/4
   256 | D        | Reached XP level 5. HP: 45/48 MP: 5/5
   263 | D        | Killed a water moccasin
   263 | D        | Reached * piety under Trog
   263 | D        | Reached XP level 6. HP: 44/56 MP: 6/6
   270 | D        | Killed a komodo dragon
   270 | D        | Reached XP level 7. HP: 11/64 MP: 7/7
   270 | D        | Shot with an arrow by a centaur

Illustrated notes

Levels and vault maps discovered:
D:        linesprint [early_d, line_temple, items_1, d_10, items_2, lair_1,
          lair_end, items_3, orc_1, orc_end, items_4, d_15, swamp_1, shoals_1,
          snake_1, spider_1, d_20, vaults_1, items_5, swamp_end, shoals_end,
          snake_end, spider_end, vaults_end, d_27, items_6, zot_1, zot_end,
          crypt_end, forest_end, elf_end, slime_end, tomb_end, abyss_end,
          pan_hell_end]

Skill      XL: |  1  2  3  4  5  6 |
---------------+-------------------+-----
Fighting       | 4 5 7 8 9 |  9.6
Armour         | 4 5 7 8 9 |  9.4
Shields        | 4 5 6 7 9 |  9.0
Long Blades    | 3 5 6 8 |  8.3
Dodging        | 1 2 |  2.0

Action                   |  1- 3 |  4- 6 |  7- 9 || total
-------------------------+-------+-------+-------++-------
Melee: Long sword        |    23 |       |       ||    23
       Scimitar          |     5 |    13 |       ||    18
  Use: Potion            |     1 |     1 |       ||     2
Armor: Scale mail        |     6 |       |       ||     6
       Chain mail        |       |     5 |       ||     5
Dodge: Dodged            |     4 |     1 |       ||     5
Block: Kite shield       |    13 |     7 |       ||    20
       Rpst.: Long sword |     2 |       |       ||     2

Table legend: (Time is in decaauts)
 A = Elapsed time spent in this place.
 B = Non-inter-level travel time spent in this place.
 C = Inter-level travel time spent in this place.
 D = Time resting spent in this place.
 E = Time spent auto-exploring this place.
 F = Levels seen in this place.
 G = Mean time per level.
                   A        B        C        D        E       F      G
               +--------+--------+--------+--------+--------+-----+--------+
         Total |    299 |    299 |      0 |    144 |      3 |   1 |  299.0 |
       Dungeon |    299 |    299 |      0 |    144 |      3 |   1 |  299.0 |
               +--------+--------+--------+--------+--------+-----+--------+

Top non-repeatable levels by time:
       D: 299 daAuts
